Map: Moonlight Madness LE (Void)

Players

老爺不要啊 - Winner!

  • Race: Zerg Zerg
  • League: Grandmaster

CunningStunt

  • Race: Protoss Protoss
  • League: Gold

VOD

Have the link to the VOD?

Description

Time

  • Played on: Sept. 11, 2015, 10:07 a.m.
  • Length: 8:59
Show
View Real Time Build Order
Export as new Build Order

老爺不要啊 Zerg - Winner!

Build Orders: Hatch First 

Get SALT Encoding   

  12  0:01  Drone  
  13  0:10  Drone  
  14  0:36  Hatchery  
  14  0:39  Drone  
  14  0:46  Overlord  
  14  0:52  Extractor  
  14  0:53  Drone  
  15  1:09  Spawning Pool  
  14  1:13  Drone  
  14  1:16  Drone  
  16  1:25  Drone  
  17  1:28  Drone  
  18  1:39  Drone  
  19  1:46  Extractor  
  18  1:51  Overlord  
  18  1:53  Drone  
  19  1:56  Queen  
  21  2:09  Queen  
  21  2:12  Drone x2  
  21  2:15  Drone  
  26  2:18  Drone  
  27  2:24  Drone  
  27  2:26  Drone  
  29  2:31  Drone x2  
  31  2:41  Drone  
  31  2:43  Overlord  
  32  2:51  Drone  
  33  2:57  Spine Crawler  
  32  2:59  Drone  
  32  3:00  Spine Crawler  
  32  3:02  Drone  
  32  3:05  Drone x3  
  36  3:06  Drone  
  36  3:10  Metabolic Boost  
  38  3:20  Drone x4  
  38  3:26  Drone  
  42  3:29  Lair  
  42  3:36  Extractor  
  42  3:37  Drone x2, Extractor  
  42  3:40  Drone x2  
  44  3:43  Overlord  
  44  3:44  Overlord  
  44  4:08  Zergling x18  
  43  4:39  Drone  
  43  4:40  Drone x2  
  43  4:41  Queen  
  48  4:46  Hydralisk Den  
  48  4:50  Drone x3  
  50  4:59  Evolution Chamber  
  49  5:01  Evolution Chamber  
  46  5:09  Lurker Den  
  46  5:10  Spore Crawler  
  44  5:14  Zergling x4  
  44  5:15  Zergling x12  
  50  5:25  Drone x3  
  52  5:29  Zerg Missile Weapons Level 1, Extractor  
  52  5:31  Hydralisk x2  
  55  5:38  Hydralisk x2  
  59  5:50  Drone  
  59  5:52  Hatchery, Overlord x3  
  59  5:56  Overlord  
  59  6:02  Zerg Ground Armor Level 1  
  59  6:10  Hydralisk  
  59  6:11  Hydralisk x3  
  61  6:16  Hydralisk  
  69  6:24  Queen  
  71  6:25  Drone  
  71  6:26  Drone x5  
  77  6:33  Hydralisk x2  
  77  6:37  Muscular Augments  
  81  6:42  Spore Crawler  
  80  6:49  Pneumatized Carapace  
  80  6:50  Hydralisk  
  80  6:52  Overlord x2  
  82  6:59  Hydralisk  
  84  7:08  Queen  
  84  7:10  Overlord  
  84  7:12  Drone x3  
  84  7:13  Drone x2  
  85  7:37  Hydralisk x7  
  92  7:46  Zergling x6  
  95  7:56  Hydralisk x5  
  88  8:19  Lurker  
  89  8:23  Lurker  
  90  8:27  Extractor  
  90  8:29  Extractor  
  90  8:33  Drone x3  
  90  8:34  Drone x3, Overlord  
  93  8:35  Overlord x2  
Show
View Real Time Build Order
Export as new Build Order

CunningStunt Protoss 

Build Orders: 1 Gate Expand 

Get SALT Encoding   

  12  0:00  Probe (Chrono Boost)  
  13  0:11  Probe (Chrono Boost)  
  14  0:19  Pylon  
  14  0:22  Probe (Chrono Boost)  
  15  0:37  Probe (Chrono Boost)  
  15  0:41  Gateway  
  16  0:47  Probe (Chrono Boost)  
  17  0:57  Probe (Chrono Boost)  
  18  1:17  Nexus  
  18  1:28  Cybernetics Core  
  18  1:33  Probe (Chrono Boost), Assimilator  
  18  1:40  Assimilator  
  18  1:43  Probe (Chrono Boost)  
  19  1:53  Probe (Chrono Boost)  
  20  1:58  Pylon  
  20  2:03  Probe (Chrono Boost)  
  21  2:16  Adept  
  21  2:18  Warp Gate  
  21  2:19  Probe (Chrono Boost)  
  24  2:29  Probe (Chrono Boost)  
  25  2:32  Probe (Chrono Boost)  
  26  2:39  Mothership Core (Chrono Boost)  
  26  2:43  Probe (Chrono Boost), Adept  
  31  2:53  Probe (Chrono Boost)  
  31  2:57  Probe (Chrono Boost)  
  33  3:07  Probe (Chrono Boost)  
  33  3:09  Probe (Chrono Boost)  
  35  3:14  Pylon  
  35  3:17  Probe (Chrono Boost)  
  35  3:18  Stargate  
  35  3:19  Probe (Chrono Boost)  
  37  3:23  Pylon  
  37  3:26  Assimilator  
  37  3:28  Adept  
  37  3:30  Probe (Chrono Boost), Assimilator  
  37  3:31  Probe (Chrono Boost)  
  41  3:40  Probe (Chrono Boost)  
  42  3:41  Probe (Chrono Boost)  
  43  3:57  Probe x2 (Chrono Boost)  
  45  4:31  Probe x2 (Chrono Boost)  
  46  4:37  Phoenix  
  45  4:41  Probe (Chrono Boost)  
  45  4:44  Gateway  
  46  4:46  Gateway x2  
  46  4:49  Pylon  
  46  4:54  Probe x2 (Chrono Boost)  
  46  4:55  Adept, Stargate  
  46  4:58  Pylon  
  50  5:04  Probe (Chrono Boost)  
  49  5:16  Adept  
  49  5:25  Probe  
  49  5:27  Probe  
  51  5:36  Phoenix (Chrono Boost)  
  51  5:39  Probe  
  56  5:43  Probe  
  56  5:44  Phoenix (Chrono Boost)  
  57  5:51  Probe  
  57  5:53  Probe, Pylon  
  59  5:58  Adept x3  
  59  5:59  Adept  
  67  6:04  Pylon  
  67  6:06  Phoenix (Chrono Boost)  
  67  6:09  Pylon  
  67  6:10  Phoenix (Chrono Boost)  
  71  6:15  Pylon  
  71  6:32  Gateway  
  71  6:34  Gateway  
  71  6:35  Adept  
  71  6:36  Adept x3  
  71  6:37  Gateway  
  71  6:39  Robotics Facility  
  79  6:42  Pylon  
  79  6:54  Phoenix (Chrono Boost)  
  79  6:58  Phoenix (Chrono Boost)  
  83  7:07  Twilight Council  
  83  7:09  Pylon  
  83  7:15  Phoenix (Chrono Boost)  
  83  7:19  Nexus  
  83  7:21  Forge  
  83  7:22  Adept  
  85  7:23  Forge, Pylon  
  85  7:25  Pylon  
  85  7:29  Adept  
  75  7:30  Adept x2  
  59  7:49  Adept  
  60  7:52  Adept x2  
  60  7:53  Adept  
  60  7:57  Void Ray (Chrono Boost)  
  74  8:04  Void Ray (Chrono Boost)  
  74  8:05  Probe  
  70  8:07  Probe  
  68  8:19  Probe  
  69  8:28  Nexus  
  69  8:30  Pylon  
  69  8:32  Cybernetics Core  
  69  8:33  Phoenix (Chrono Boost)  
  69  8:34  Cybernetics Core  
  71  8:38  Observer  
  74  8:44  Probe  
  74  8:46  Probe  
  76  8:54  Assimilator  
  78  8:58  Assimilator  
Tags
 
Add a new tag
Caveats
  • Supply blocks, unpowered buildings, or Contaminate may cause inaccurate times.
  • Supply counts are checked every 10 seconds.